 Dungeon Crawl Stone Soup version 0.27-a0-287-gd4424db430 (webtiles) character file.

Game seed: 16575294007008170988

196 dolemite99 the Chopper (level 5, -2/45 HPs)
             Began as a Hill Orc Fighter on Feb 9, 2021.
             Was an Initiate of Makhleb.
             Succumbed to a water moccasin's poison
             ... on level 4 of the Dungeon.
             The game lasted 00:04:40 (4748 turns).

dolemite99 the Chopper (Hill Orc Fighter)           Turns: 4748, Time: 00:04:41

Health: -2/45      AC:  7    Str: 20    XL:     5   Next: 75%
Magic:  5/5        EV:  7    Int:  8    God:    Makhleb [......]
Gold:   94         SH:  9    Dex: 10    Spells: 4/4 levels left

rFire    . . .     SeeInvis .   a - +3 hand axe
rCold    . . .     Faith    +   c - +0 kite shield
rNeg     . . .     Spirit   .   q - +1 scale mail
rPois    .         Reflect  .   (no helmet)
rElec    .         Harm     .   (no cloak)
rCorr    .         Rampage  .   (no gloves)
Will     .....                  (no boots)
Stlth    ..........             o - amulet of faith
HPRegen  0.15/turn              (no ring)
MPRegen  0.09/turn              (no ring)

@: lethally poisoned (-2 -> -25)
A: no striking features
a: Renounce Religion


You were on level 4 of the Dungeon.
You worshipped Makhleb.
Makhleb was noncommittal.
You visited 1 branch of the dungeon, and saw 4 of its levels.

You collected 94 gold pieces.

Inventory:

Hand Weapons
 a - a +3 hand axe (weapon)
 b - a +1 hunting sling of flaming
 d - a +0 war axe
 l - a +1 hunting sling of flaming
Missiles
 e - 141 stones (quivered)
 g - 50 bolts
 h - 5 arrows
 j - 6 sling bullets
 p - 10 poisoned darts
Armour
 c - a +0 kite shield (worn)
 q - a +1 scale mail (worn)
 t - a +0 scale mail
Jewellery
 o - an amulet of faith (around neck)
Wands
 r - a wand of random effects (17)
 w - a wand of iceblast (10)
Scrolls
 f - a scroll of enchant weapon {unknown}
 i - a scroll of magic mapping {unknown}
 k - 2 scrolls of remove curse {unknown}
 s - a scroll of enchant armour
 x - a scroll of fear {unknown}
 y - a scroll of teleportation {unknown}
Potions
 n - 3 potions of flight
 u - a potion of mutation
 v - 2 potions of attraction


   Skills:
 - Level 3.6 Fighting
 + Level 7.7 Axes
 - Level 3.2 Armour
 - Level 3.2 Shields


You had 4 spell levels left.
You didn't know any spells.
Your spell library was empty.

Dungeon Overview and Level Annotations

Branches:
Dungeon (4/15)
 Temple: D:4-7

Altars:
Hepliaklqana
Makhleb


Message History

You barely miss the water moccasin.
The water moccasin is moderately wounded.
* * * LOW HITPOINT WARNING * * *
You feel sick. The water moccasin bites you.
* * * LOW HITPOINT WARNING * * *
You block the water moccasin's attack.
You barely miss the water moccasin.
The water moccasin is moderately wounded.
* * * LOW HITPOINT WARNING * * *
You feel very sick. You block the water moccasin's attack.
The water moccasin bites you but does no damage.
You hit the water moccasin.
The water moccasin is moderately wounded.
* * * LOW HITPOINT WARNING * * *
You feel sick. The water moccasin bites you.
* * * LOW HITPOINT WARNING * * *
You closely miss the water moccasin.
The water moccasin is moderately wounded.
You die...

#.# ####.# #....####
#.##.##.. #.##.##.#
#.##.##.# #.##.##>##
.######.##.#...#########
#(......S@..............
.####.######...#########
^. .........# ##
######.#.# #.#.# #.#.##
#.)#.########
#.###.......#
##.#.######.#


You could see a water moccasin.

Vanquished Creatures
  Terence (D:3)
  A worker ant (D:4)
  4 adders
  4 gnolls
  2 worms (D:2)
  2 dart slugs
  A leopard gecko (D:2)
  6 orcs
  2 giant cockroaches
  7 goblins
  10 hobgoblins
  2 kobolds
  3 quokkas
  A ball python (D:4)
  4 bats
  6 frilled lizards
  8 rats
64 creatures vanquished.

Notes
Turn   | Place    | Note
-------+----------+-------------------------------------------
     0 | D:1      | dolemite99 the Hill Orc Fighter began the quest for the
                  | Orb.
     0 | D:1      | Reached XP level 1. HP: 19/19 MP: 1/1
    30 | D:1      | You fall into a shaft and drop 1 floor!
    55 | D:2      | Reached skill level 3 in Axes
   393 | D:2      | Reached XP level 2. HP: 26/26 MP: 2/2
   747 | D:1      | Reached skill level 4 in Axes
  1308 | D:1      | Reached XP level 3. HP: 22/31 MP: 3/3
  1635 | D:2      | Reached skill level 5 in Axes
  2228 | D:2      | Reached XP level 4. HP: 33/39 MP: 4/4
  2885 | D:2      | Reached skill level 6 in Axes
  3793 | D:3      | Reached XP level 5. HP: 37/45 MP: 5/5
  3983 | D:3      | Noticed Terence
  4000 | D:3      | Killed Terence
  4001 | D:3      | Reached skill level 7 in Axes
  4181 | D:3      | Found a burning altar of Makhleb.
  4195 | D:3      | Found a hazy altar of Hepliaklqana.
  4211 | D:3      | Became a worshipper of Makhleb the Destroyer
  4729 | D:4      | Noticed a water moccasin
  4747 | D:4      | HP: 2/45 [poisoned by a water moccasin]
  4748 | D:4      | Succumbed to a water moccasin's poison

Illustrated notes

Levels and vault maps discovered:
D:1:      dpeg_arrival_radiant, layout_basic, minmay_worlds_worst_comb
D:2:      layout_basic
D:3:      layout_rooms, amethyst_overflow_temple_binary, uniq_terence
D:4:      layout_loops_ring, nzn_wu_jian_council_hall,
          lightli_sewer_entry_pipes, grunt_ministairs_6

Skill      XL: |  1  2  3  4  5 |
---------------+----------------+-----
Axes           | 3 4 5 6 7 |  7.7
Fighting       | |  3.6
Armour         | |  3.2
Shields        | |  3.2

Action                   |  1- 3 |  4- 6 || total
-------------------------+-------+-------++-------
Melee: War axe           |   119 |    66 ||   185
       Hand axe          |       |    17 ||    17
 Fire: Hunting sling     |       |    50 ||    50
Throw: Stone             |     4 |     4 ||     8
  Use: Scroll            |       |     5 ||     5
       Potion            |       |     2 ||     2
Armor: Scale mail        |    60 |    40 ||   100
Dodge: Dodged            |    24 |    35 ||    59
Block: Kite shield       |    75 |    65 ||   140

Table legend: (Time is in decaauts)
 A = Elapsed time spent in this place.
 B = Non-inter-level travel time spent in this place.
 C = Inter-level travel time spent in this place.
 D = Time resting spent in this place.
 E = Time spent auto-exploring this place.
 F = Levels seen in this place.
 G = Mean time per level.
                   A        B        C        D        E       F      G
               +--------+--------+--------+--------+--------+-----+--------+
         Total |   4863 |   4722 |    141 |   2469 |   1383 |   4 | 1215.8 |
       Dungeon |   4863 |   4722 |    141 |   2469 |   1383 |   4 | 1215.8 |
               +--------+--------+--------+--------+--------+-----+--------+

Top non-repeatable levels by time:
     D:1: 2191 daAuts
     D:2: 1672 daAuts
     D:3: 811 daAuts
     D:4: 188 daAuts
